AoeStats
← damian

MegaRandom

508995123Analyzed
2v2 RM · 7d ago on Sep 25, 2026· 140m 58s· 4 players
Game mode
Random Map
Map size
Medium (4 player)
Population
200
Speed
Normal
Resources
Standard
Victory
Conquest
Starting age
Dark Age
Ending age
Imperial Age
RankedLock teamsTeams togetherTeam positionsShared explorationLock speedFull tech treeHidden civsTurbo modeCheats
Victory
Defeat
🇹🇼 Danes · Taiwan
1077
+15
🇦🇺 Japanese · Australia
1044
+17
🇺🇸 Saxons · United States
1064
-16
🇺🇸 Spanish · United States
1064
-16
poi
16:17 Feudal Age
14:36 Loom
21:02 Castle Age
19:27 Double-Bit Axe
22:54 Squires
23:04 Scale Mail Armor
24:48 Medium Warships
29:24 Bow Saw
32:29 Imperial Age
31:38 Clinker Construction
34:08 Capped Ram
41:32 Gold Mining
46:05 Heavy Warships
50:29 Elite Varangian Guard
70:11 Light Cavalry
73:04 Bloodlines
84:31 Siege Ram
85:55 Caravan
92:24 Pikeman
94:24 Halberdier
95:34 Carvel Hull
98:15 Husbandry
114:32 Chain Mail Armor
124:46 Fletching
137:56 Bodkin Arrow
138:32 Plate Mail Armor
140:01 Forging
139:52 Bracer
Starving Maggot
4:22 Loom
14:57 Feudal Age
15:10 Man-at-Arms
15:53 Double-Bit Axe
16:02 Man-at-Arms
17:14 Horse Collar
19:23 Scale Mail Armor
22:19 Arson
26:07 Castle Age
25:58 Bloodlines
25:42 Fletching
31:27 Ballistics
31:10 Padded Archer Armor
32:20 Husbandry
32:09 Long Swordsman
36:21 Chain Mail Armor
38:38 Forging
38:26 Gold Mining
39:18 Bodkin Arrow
44:51 Imperial Age
42:50 Leather Archer Armor
43:13 Thumb Ring
43:33 Squires
45:05 Heavy Cavalry Archer
46:02 Bracer
46:16 Two-Handed Swordsman
47:45 Plate Mail Armor
52:16 Chemistry
51:49 Ring Archer Armor
51:16 Champion
51:53 Gambesons
57:32 Caravan
59:03 Iron Casting
70:01 Scale Barding Armor
70:58 Blast Furnace
70:07 Light Cavalry
72:58 Heavy Plow
73:11 Bow Saw
74:05 Chain Barding Armor
88:42 Capped Ram
90:57 Pikeman
91:50 Halberdier
96:07 Conscription
121:00 Demolition Ship
121:55 Medium Warships
123:52 Heavy Warships
135:30 Elite Cannon Galleon
damian
5:00 Loom
17:10 Feudal Age
19:12 Horse Collar
19:22 Double-Bit Axe
22:29 Wheelbarrow
21:45 Gold Mining
29:09 Castle Age
28:03 Padded Archer Armor
28:14 Scale Barding Armor
31:40 Stone Mining
34:11 Inquisition
38:39 Stone Shaft Mining
38:38 Bow Saw
38:45 Leather Archer Armor
38:53 Chain Barding Armor
38:44 Forging
39:42 Scale Mail Armor
40:27 Bloodlines
40:18 Husbandry
39:44 Light Cavalry
45:10 Iron Casting
44:38 Caravan
51:07 Imperial Age
52:48 Chemistry
53:09 Supremacy
53:10 Conscription
53:58 Elite Cannon Galleon
56:32 Medium Warships
57:38 Heavy Plow
59:04 Block Printing
74:10 Cavalier
76:36 Guilds
78:53 Two-Man Saw
78:47 Paladin
80:27 Hoardings
80:58 Plate Barding Armor
81:24 Blast Furnace
80:40 Chain Mail Armor
80:55 Ring Archer Armor
80:16 Fletching
86:26 Shipwright
86:19 Clinker Construction
92:26 Bodkin Arrow
93:02 Plate Mail Armor
102:17 Demolition Ship
104:25 Heavy Warships
106:02 Gambesons
106:18 Squires
106:05 Arson
105:41 Man-at-Arms
105:43 Pikeman
130:41 Guard Tower
132:57 Careening
139:19 Bracer
Clichedsquash40
7:29 Loom
16:09 Feudal Age
23:27 Castle Age
21:11 Man-at-Arms
21:55 Fishing Lines
22:07 Double-Bit Axe
23:33 Fletching
23:54 Forging
23:40 Crossbowman
24:45 Thumb Ring
24:37 Bodkin Arrow
25:45 Iron Casting
25:45 Padded Archer Armor
26:06 Scale Mail Armor
30:16 Ballistics
36:49 Imperial Age
34:58 Medium Warships
35:03 Careening
35:10 Chain Mail Armor
35:36 Bow Saw
36:04 Thumb Ring
37:49 Wheelbarrow
39:54 Two-Man Saw
38:38 Horse Collar
39:59 Caravan
41:18 Masonry
40:45 Elite Skirmisher
42:11 Hand Cart
42:55 Town Watch
43:44 Architecture
46:14 Bracer
45:44 Pikeman
47:15 Heavy Plow
47:32 Leather Archer Armor
47:48 Plate Mail Armor
51:39 Arbalester
79:14 Gillnets
78:50 Elite Longship
81:27 Crop Rotation
96:11 Heavy Warships
97:48 Town Patrol
105:02 Elite Varangian Guard
123:49 Guilds
Connection lost

Rejoining the realm…

Still unreachable

The connection could not be restored.

Session expired

The server has moved on; the page needs a fresh start.